Cogmind - Beta 17.1 @@@ ROGUE MODE // 2026.09.17 @ 22:36:50 Player: obl-vn Result: Self-destructed Performance ------------- Evolutions (3) 1500 Regions Visited (8) 1600 Robots Destroyed (155) 775 Value Destroyed (6823) 6823 Prototype IDs (6) 120 Alien Tech Used (0) 0 Bonus (4023) 4023 TOTAL SCORE: 14841 Bonus ------- High Alert Combat Kills 864 Follower Combat Kills 1059 Entered Garrisons 600 Used RIF Installer 1500 Cogmind --------- Core Integrity 618/700 Matter 300/300 Energy 160/160 System Corruption 5% Temperature Cool (32) Movement Flying (34) Location -7/Garrison Parts ------- > --- POWER (1) -------- Light Nuclear Core > --- PROPULSION (3) --- Improved Flight Unit Improved Flight Unit Improved Flight Unit > --- UTILITY (7) ------ Relay Coupler [NC] (31) Relay Coupler [Grunt] (1) Relay Coupler [Sentry] (28) Relay Coupler [Sentry] (7) Relay Coupler [Sentry] (22) Relay Coupler [Hunter] (18) > --- WEAPON (2) ------- Ion Cannon > --- INVENTORY (5) ---- Improved Cooling System Relay Coupler [Sentry] (23) Relay Coupler [Hunter] (18) Remote Datajack Peak State ------------ > --- POWER ------------ Light Nuclear Core > --- PROPULSION ------- Improved Flight Unit Improved Flight Unit Improved Flight Unit > --- UTILITY ---------- Relay Coupler [NC] Relay Coupler [Grunt] Relay Coupler [Grunt] Relay Coupler [Sentry] Relay Coupler [Sentry] Relay Coupler [Sentry] Relay Coupler [Hunter] > --- WEAPON ----------- Ion Cannon Remote Datajack > --- INVENTORY -------- Improved Flight Unit Improved Cooling System Missile Launcher [Rating: 44] Favorites ----------- Power Cooled Ion Engine Engine Cooled Ion Engine Power Core Light Nuclear Core Propulsion Light Treads Treads Light Treads Flight Unit Improved Flight Unit Utility Improved Medium Armor Plating Device Shield Generator Storage High-capacity Storage Unit Processor Core Analyzer Hackware Relay Coupler [Sentry] Protection Improved Medium Armor Plating Weapon Ion Cannon Energy Gun Particle Gun Energy Cannon Ion Cannon Ballistic Gun Light Assault Rifle Ballistic Cannon Light Cannon Launcher Missile Launcher Special Weapon Remote Datajack Special Melee Weapon Improved Datajack Build | -11 -10 -9 -8 -8 -8 -8 -7 -7 ------- Run | Yrd Mat Mat Mat Gar Mat Gar Fac Gar Slots Evolved 6 | . . 2 2 . . . 2 . Power . | . . . . . . . . . Propulsion 1 | . . 1 . . . . . . Utility 5 | . . 1 2 . . . 2 . Weapon . | . . . . . . . . . Parts Attached 101 | 8 12 13 19 12 14 6 12 5 Power 12 | 2 1 2 3 1 . 1 . 2 Engine 8 | 2 1 2 2 1 . . . . Core 4 | . . . 1 . . 1 . 2 Reactor . | . . . . . . . . . Propulsion 35 | 2 1 6 7 5 8 1 3 2 Treads 30 | 2 1 6 7 5 8 1 . . Leg . | . . . . . . . . . Wheel . | . . . . . . . . . Hover . | . . . . . . . . . Flight 5 | . . . . . . . 3 2 Utility 30 | 1 4 2 6 4 1 4 7 1 Device 8 | . 1 2 2 1 1 1 . . Storage 4 | 1 1 . 2 . . . . . Processor 2 | . 1 . . 1 . . . . Hackware 8 | . . . . . . . 7 1 Protection 8 | . 1 . 2 2 . 3 . . Artifact . | . . . . . . . . . Weapon 24 | 3 6 3 3 2 5 . 2 . Energy Gun 4 | 2 . 1 1 . . . . . Energy Cannon 10 | . 1 1 2 1 4 . 1 . Ballistic Gun 5 | 1 4 . . . . . . . Ballistic Cannon 1 | . 1 . . . . . . . Launcher 1 | . . . . . . . 1 . Special Weapon 1 | . . . . . 1 . . . Impact Weapon . | . . . . . . . . . Slashing Weapon . | . . . . . . . . . Piercing Weapon . | . . . . . . . . . Special Melee Weapon 2 | . . 1 . 1 . . . . Unidentified Prototypes 2 | . . 1 1 . . . . . Parts Lost 8 | . 2 . 2 . . . . 4 Power 2 | . . . 1 . . . . 1 Propulsion 2 | . 1 . . . . . . 1 Utility 1 | . . . . . . . . 1 Weapon 3 | . 1 . 1 . . . . 1 Highest Loss Streak 1 | . 1 . 1 . . . . 1 To Critical Strikes . | . . . . . . . . . Average Backups 15 | 1 8 14 16 19 19 19 6 4 Power 1 | . 1 2 1 1 1 1 . . Propulsion 5 | . 3 4 5 6 7 6 2 1 Utility 5 | . . 3 4 5 9 8 1 1 Weapon 2 | . 2 3 3 4 1 2 1 1 Tool/Special . | . . . . . . . . . Unused Backups 28 | . 3 5 10 1 1 1 3 4 Power 9 | . 1 3 3 . . . 2 . Propulsion 5 | . . 1 3 . . . 1 . Utility 7 | . . . 1 . 1 1 . 4 Weapon 7 | . 2 1 3 1 . . . . Tool/Special . | . . . . . . . . . Average Slot Usage (%) 97 | . 98 96 98 99 99 99 92 87 Engine 8 | . 14 11 8 9 9 8 . . Treads 25 | . 28 33 27 27 27 27 1 . Flight 2 | . . . . . . . 21 23 Device 13 | . . 19 18 18 18 12 . . Storage 8 | . 14 11 9 9 9 9 . . Processor 4 | . 7 . . 6 9 9 . . Hackware 4 | . . . . . . . 49 48 Protection 9 | . 4 . 16 11 9 14 . . Energy Gun 1 | . 1 9 1 . . . . . Energy Cannon 14 | . 9 11 16 16 17 17 5 2 Ballistic Gun 1 | . 13 . . . . . . . Peak Build Rating 44 | 6 11 21 35 35 35 38 44 44 Average Rating 29 | 4 8 18 30 34 31 37 40 37 On Entrance 24 | . 6 11 21 35 33 35 38 40 Avg Prop Armor Cover (%) . | . . . . . . . . . Naked Turns . | . . . . . . . . . Heaviest Build 77 | 13 35 40 77 75 71 76 14 14 Greatest Support 69 | 40 40 69 69 60 63 63 15 15 Greatest Overweight (x) 1 | . . . 1 1 1 1 . . Average Overweight (x) . | . . . . . . . . . Largest Inventory Capacity 20 | 8 15 15 20 20 20 20 20 5 Average Capacity 16 | 6 9 15 17 20 20 20 5 5 Most Carried 20 | 2 15 15 20 20 20 20 20 5 Average Carried 15 | 1 8 14 16 19 19 19 5 4 Final Capacity 20 | 8 15 15 20 20 20 20 5 5 Final Carried 20 | 2 15 15 20 20 20 20 5 4 Class Distribution -------------------- 50% | Mutant 24% | Commander-Mutant 21% | Bothacker-Mutant Dominant Class ---------------- Mutant | -10/Materials Mutant | -9/Materials Mutant | -8/Materials Commander-Mutant | -8/Garrison Commander-Mutant | -8/Materials Bothacker-Mutant | -8/Garrison Bothacker-Mutant | -7/Factory Bothacker-Mutant | -7/Garrison Resources | -11 -10 -9 -8 -8 -8 -8 -7 -7 ----------- Run | Yrd Mat Mat Mat Gar Mat Gar Fac Gar Matter Collected 2822 | 188 311 160 420 246 199 158 150 990 Remotely . | . . . . . . . . . Salvage Created 6308 | . 456 716 1543 734 937 1091 108 723 Parts 357 | . 34 49 72 49 55 57 11 30 Haulers Intercepted 13 | . 2 1 6 . 3 . 1 . Recyclers Shooed 1 | . . . 1 . . . . . Parts Field Recycled . | . . . . . . . . . Retrieved Matter . | . . . . . . . . . Parts Self-Destructed . | . . . . . . . . . Prevented . | . . . . . . . . . Parts Restored . | . . . . . . . . . Kills | -11 -10 -9 -8 -8 -8 -8 -7 -7 ------- Run | Yrd Mat Mat Mat Gar Mat Gar Fac Gar Combat Hostiles Destroyed 166 | . 14 19 25 19 11 26 4 48 Guns 25 | . 14 8 3 . . . . . Cannons 91 | . . 10 22 19 10 26 . 4 AOE 48 | . . . . . . . 4 44 Classes Destroyed 17 | . 3 2 4 . 4 1 . 3 Worker 2 | . . . 1 . 1 . . . Builder 2 | . . . . . 1 . 1 . Hauler 13 | . 2 1 6 . 3 . 1 . Recycler 3 | . . 1 1 . 1 . . . Watcher 2 | . . . . . 2 . . . Swarmer 40 | . 9 10 3 6 . 6 4 2 Cutter 2 | . . . . . . . . 2 Saboteur 3 | . . . . . . . . 3 Grunt 43 | . 5 4 12 6 1 9 . 6 Brawler 2 | . . . 1 . . 1 . . Duelist 3 | . . . . . 1 1 . 1 Sentry 27 | . . 5 6 6 4 5 . 1 Specialist 5 | . . . 2 . 3 . . . Hunter 3 | . . . 1 1 1 . . . Programmer 4 | . . . . . . 4 . . Heavy 1 | . . . . . 1 . . . Assembled 35 | . . . . . . . . 35 Best Kill Streak 16 | . 3 3 4 9 4 7 5 16 Combat Bots Only 16 | . 3 3 3 9 2 7 4 16 Max Kills in Single Turn 4 | . 2 1 1 1 1 1 4 3 Gunslinging 1 | . 1 . . . . . . . Exploded 3 | . . . . . . . 3 3 Melee . | . . . . . . . . . Uniques/NPCs Destroyed . | . . . . . . . . . Combat | -11 -10 -9 -8 -8 -8 -8 -7 -7 -------- Run | Yrd Mat Mat Mat Gar Mat Gar Fac Gar Hostile Shots Fired 692 | . 80 69 147 123 75 136 4 58 Missed 209 | . 27 22 37 29 22 43 2 27 Hits 483 | . 53 47 110 94 53 93 2 31 Melee 11 | . . . 3 . 1 4 . 3 Projectile 472 | . 53 47 107 94 52 89 2 28 Critical Strikes 19 | . 1 . 3 3 5 7 . . Part Disruptions 1 | . . . . . . . . 1 Damage Taken 5032 | . 551 359 1238 938 638 857 27 424 Core 588 | . 118 35 92 88 121 52 . 82 Absorbed by Shields 1630 | . . 90 428 342 221 540 . 9 Redirected to Shielding 10 | . 10 . . . . . . . Regen/Repaired (Parts) 330 | . . . 330 . . . . . Core Remaining (%) 69 | 100 52 91 . . . 35 . . Volleys Fired 559 | . 56 46 124 62 49 72 18 132 Largest 2 | . 2 2 2 2 2 2 1 1 Hottest 133 | . 90 133 133 128 128 120 60 60 Shots Fired 901 | . 108 85 221 107 93 137 18 132 Gun 186 | . 102 39 45 . . . . . Cannon 649 | . 6 46 176 107 93 137 12 72 Launcher 55 | . . . . . . . 4 51 Special 11 | . . . . . . . 2 9 Kinetic 85 | . 85 . . . . . . . Thermal 734 | . 7 85 221 107 93 137 12 72 Explosive 55 | . . . . . . . 4 51 Electromagnetic 16 | . 16 . . . . . . . Robot Hit Streak 33 | . 13 7 19 8 10 23 17 33 Robot Miss Streak 5 | . 5 5 3 3 3 2 1 2 Penetration Max . | . . . . . . . . . Secondary Targets 3 | . 3 . . . . . . . Max Gunslinging Chain 1 | . 1 . . . . . . . Shots Hit Robots 529 | . 69 50 129 62 52 95 12 60 Core Hits 294 | . 29 21 57 31 24 40 7 85 Critical Kills 2 | . . 1 . . 1 . . . Critical Parts Destroyed . | . . . . . . . . . Critical Strikes 6 | . . 1 4 . 1 . . . Burn 4 | . . . 4 . . . . . Meltdown 2 | . . 1 . . 1 . . . Melee Attacks 16 | . . 3 . 13 . . . . Impact . | . . . . . . . . . Slashing . | . . . . . . . . . Piercing . | . . . . . . . . . Sneak Attacks 16 | . . 3 . 13 . . . . Combat Hostiles . | . . . . . . . . . Follow-up Attacks . | . . . . . . . . . Damage Inflicted 14114 | . 692 942 2794 1152 1216 2387 512 4419 Guns 1391 | . 628 325 438 . . . . . Cannons 9123 | . 50 617 2320 1133 1215 2387 235 1166 Explosions 3530 | . . . . . . . 277 3253 Melee . | . . . . . . . . . Ramming 70 | . 14 . 36 19 1 . . . Kinetic 476 | . 476 . . . . . . . Thermal 9905 | . 69 942 2758 1133 1215 2387 235 1166 Explosive 3530 | . . . . . . . 277 3253 Electromagnetic 133 | . 133 . . . . . . . Impact . | . . . . . . . . . Slashing . | . . . . . . . . . Piercing . | . . . . . . . . . Highest Corruption 5 | . . . 1 1 1 3 . 5 Average Corruption 1 | . . . 1 1 1 2 . 5 Corruption Purged . | . . . . . . . . . Corruption Blocked . | . . . . . . . . . Effects 78 | . . . 21 17 17 23 . . Message Errors 18 | . . . 5 2 3 8 . . Matter Fused 18 | . . . 4 5 5 4 . . Heat Flow Errors 7 | . . . 1 2 3 1 . . Energy Discharges 10 | . . . 3 3 3 1 . . Parts Rejected 1 | . . . 1 . . . . . Parts Fused 2 | . . . . . . 2 . . Data Loss (minor) 10 | . . . 4 1 1 4 . . Data Loss (major) 3 | . . . 1 . 1 1 . . Misfires 4 | . . . . 3 1 . . . Alerts 3 | . . . 2 . . 1 . . Weapon Failures 2 | . . . . 1 . 1 . . Overload Shots . | . . . . . . . . . Overflow Damage 160 | . . 6 20 6 5 3 23 97 Projectiles 63 | . . 6 20 6 5 3 23 . Explosions 97 | . . . . . . . . 97 Melee . | . . . . . . . . . Knockbacks . | . . . . . . . . . Impact . | . . . . . . . . . Kinetic . | . . . . . . . . . Secondary . | . . . . . . . . . Self-Inflicted Damage 14 | . . . . . . . . 14 Shots 1 | . . . . . . . . 1 Rammed 14 | . 2 . 7 4 1 . . . Targets Rammed 15 | . 2 . 8 4 1 . . . Kicked . | . . . . . . . . . Crushed 1 | . . . 1 . . . . . Highest Temperature 226 | . 150 24 205 226 170 72 78 96 Average Temperature 36 | . 56 11 25 51 59 24 39 31 Received Heat Transfer 1477 | . 198 56 482 222 164 263 9 83 Siege Activations . | . . . . . . . . . Martial Activations . | . . . . . . . . . Shielding Activations . | . . . . . . . . . Robots Disrupted . | . . . . . . . . . Combat Hostiles . | . . . . . . . . . Robots Corrupted . | . . . . . . . . . Combat Hostiles . | . . . . . . . . . Parts Fried . | . . . . . . . . . Impact Corruptions . | . . . . . . . . . Robots Melted 2 | . . 1 . . 1 . . . Combat Hostiles 2 | . . 1 . . 1 . . . Parts Melted 36 | . . 7 9 5 6 9 . . Heat Transferred 16762 | . 149 1813 5550 1555 1961 3496 370 1868 Parts Sabotaged . | . . . . . . . . . Parts Stolen . | . . . . . . . . . Parts Stripped . | . . . . . . . . . Power Chain Reactions . | . . . . . . . . . Alert | -11 -10 -9 -8 -8 -8 -8 -7 -7 ------- Run | Yrd Mat Mat Mat Gar Mat Gar Fac Gar Maximum Alert Level 5 | . . 1 1 5 3 4 3 4 Low Security (%) 45 | 100 100 94 99 10 . . . . Level 1 6 | . . 5 . 7 29 4 . . Level 2 17 | . . . . 17 45 36 93 13 Level 3 17 | . . . . 29 25 38 6 43 Level 4 9 | . . . . 20 . 19 . 43 Level 5 2 | . . . . 14 . . . . High Security . | . . . . . . . . . Max Security . | . . . . . . . . . Peak Influence 2025 | . 118 263 215 2025 1056 1349 707 1406 Initial 986 | . . . 106 122 986 354 707 466 Average 483 | . 27 86 81 945 547 807 597 1079 Influence Increases 6996 | . 369 667 971 1963 747 995 269 1015 Destroy 0b10 Robot/C 3300 | . 280 380 500 860 360 520 80 320 Destroy 0b10 Robot/NC 140 | . 10 10 40 5 55 . 10 10 Destroy Leader 532 | . 54 92 132 30 142 30 12 40 Allied During Kill 313 | . . . . 188 114 . . 11 Trap Triggered on 0b10 40 | . . 40 . . . . . . Successful Hack 147 | . 25 21 22 41 . . 31 7 Disable Machine 135 | . . 30 30 . 45 . 15 15 Anti-Garrison Action 1350 | . . . . 750 . 300 . 300 Destroy Structure 289 | . . 4 22 74 16 10 31 132 Partial Spotted 75 | . . . . . . 15 15 45 Lose Combat Pursuer 675 | . . 90 225 15 15 120 75 135 Influence Decreases 5615 | . 369 414 1036 126 2227 191 952 300 Entered New Map 2285 | . . . 147 66 1039 191 642 200 Time Decay 2068 | . 349 404 577 . 598 . 140 . Lost Part 80 | . 20 . 20 . . . . 40 Lost Ally 290 | . . 10 . 60 140 . 20 60 Purge Threat 892 | . . . 292 . 450 . 150 . Squads Dispatched 12 | . 1 2 2 . 5 . 2 . Investigation 2 | . 1 1 . . . . . . Extermination 1 | . . . . . . . 1 . Reinforcement 7 | . . 1 2 . 4 . . . Assault 1 | . . . . . 1 . . . Garrison 1 | . . . . . . . 1 . Intercept . | . . . . . . . . . Searches Triggered . | . . . . . . . . . Construction Impeded . | . . . . . . . . . Haulers Reinforced . | . . . . . . . . . Active Scanning Responses . | . . . . . . . . . Cargo Convoy Interrupts . | . . . . . . . . . Stealth | -11 -10 -9 -8 -8 -8 -8 -7 -7 --------- Run | Yrd Mat Mat Mat Gar Mat Gar Fac Gar Distress Signals 16 | . 1 4 4 1 3 . 2 1 Communications Jammed . | . . . . . . . . . Distress Signals . | . . . . . . . . . Times Spotted 294 | . 27 29 46 40 32 36 11 73 Peak Tracking Total 31 | . 5 5 4 9 6 4 4 31 Tactical Retreats 32 | . . 4 10 1 1 7 2 7 Traps | -11 -10 -9 -8 -8 -8 -8 -7 -7 ------- Run | Yrd Mat Mat Mat Gar Mat Gar Fac Gar Traps Triggered 14 | . 1 . . 6 . 4 . 3 Indirectly . | . . . . . . . . . Trap Hack Attempts 61 | . . 61 . . . . . . Triggered . | . . . . . . . . . Disarmed 3 | . . . 3 . . . . . Reprogrammed 18 | . 6 12 . . . . . . Reused 4 | . . 4 . . . . . . Traps Extracted . | . . . . . . . . . Installed . | . . . . . . . . . Triggered 4 | . . 4 . . . . . . Machines | -11 -10 -9 -8 -8 -8 -8 -7 -7 ---------- Run | Yrd Mat Mat Mat Gar Mat Gar Fac Gar Machines Disabled 21 | . . 2 2 6 3 4 1 3 Max in Single Turn 1 | . . 1 1 1 1 1 1 1 Garrison Relay 10 | . . . . 4 . 4 . 2 Phase Generator 1 | . . . . 1 . . . . Machines Repaired . | . . . . . . . . . Machines Dismantled . | . . . . . . . . . Machines Sabotaged . | . . . . . . . . . Overloaded Fab Kills . | . . . . . . . . . Hacking | -11 -10 -9 -8 -8 -8 -8 -7 -7 --------- Run | Yrd Mat Mat Mat Gar Mat Gar Fac Gar Machines Accessed 44 | . 8 6 13 3 6 1 5 2 Terminals 37 | . 8 5 10 3 4 1 4 2 Fabricators . | . . . . . . . . . Repair Stations 1 | . . . 1 . . . . . Recycling Units . | . . . . . . . . . Scanalyzers 3 | . . 1 1 . 1 . . . Garrison Access 3 | . . . 1 . 1 . 1 . Total Hacks 114 | . 24 18 36 6 14 2 11 3 Successful 65 | . 13 10 23 4 7 . 7 1 Failed 48 | . 10 8 13 2 7 2 4 2 Catastrophic 8 | . . . . 1 4 . 2 1 Database Lockouts 1 | . 1 . . . . . . . Manual 59 | . 17 12 18 1 6 . 5 . Terminals 95 | . 24 14 27 6 10 2 9 3 Fabricators . | . . . . . . . . . Repair Stations 6 | . . . 6 . . . . . Recycling Units . | . . . . . . . . . Scanalyzers 8 | . . 4 1 . 3 . . . Garrison Access 5 | . . . 2 . 1 . 2 . Terminal Hacks 26 | . 5 3 8 3 3 . 3 1 Robot Analysis 1 | . 1 . . . . . . . Prototype ID Bank 2 | . 1 . 1 . . . . . Open Door 3 | . . . . 2 . . . 1 Branch Access Points 1 | . . 1 . . . . . . Emergency Access Points 1 | . . . . 1 . . . . Machine Index 1 | . . . . . . . 1 . Unreport Threat 7 | . . . 3 . 3 . 1 . Locate Traps 4 | . 2 1 1 . . . . . Disarm Traps 1 | . . . 1 . . . . . Reprogram Traps 2 | . 1 1 . . . . . . Recall Investigation 1 | . . . 1 . . . . . Zone Layout 2 | . . . 1 . . . 1 . Fabricator Hacks . | . . . . . . . . . Repair Station Hacks 4 | . . . 4 . . . . . Scan Component 2 | . . . 2 . . . . . Repair 2 | . . . 2 . . . . . Recycling Unit Hacks . | . . . . . . . . . Scanalyzer 6 | . . 3 . . 3 . . . Retrieve Study 6 | . . 3 . . 3 . . . Garrison Access Hacks 4 | . . . 1 . 1 . 2 . Unlock Access 3 | . . . 1 . 1 . 1 . Coupler Status 1 | . . . . . . . 1 . Unauthorized Hacks 25 | . 8 4 10 1 . . 2 . Terminals 25 | . 8 4 10 1 . . 2 . Assimilate 1 | . 1 . . . . . . . Botnet 8 | . 2 1 2 1 . . 2 . Skim 16 | . 5 3 8 . . . . . Fabricators . | . . . . . . . . . Repair Stations . | . . . . . . . . . Recycling Units . | . . . . . . . . . Scanalyzers . | . . . . . . . . . Garrison Access . | . . . . . . . . . Data Cores Recovered 1 | . . . . . 1 . . . Used . | . . . . . . . . . Hacking Detections 32 | . 5 6 7 2 5 1 4 2 Full Trace Events 1 | . . . . 1 . . . . Feedback Events . | . . . . . . . . . Feedback Blocked . | . . . . . . . . . Robot Schematics Acquired . | . . . . . . . . . Robots Built . | . . . . . . . . . Authchips . | . . . . . . . . . Time . | . . . . . . . . . Total Robot Build Rating . | . . . . . . . . . Part Schematics Acquired . | . . . . . . . . . Parts Built . | . . . . . . . . . Authchips . | . . . . . . . . . Time . | . . . . . . . . . Total Part Build Rating . | . . . . . . . . . Part Studies Acquired 6 | . . 3 . . 3 . . . Parts Repaired 2 | . . . 2 . . . . . Time 88 | . . . 88 . . . . . Parts Recycled . | . . . . . . . . . Recycled Matter . | . . . . . . . . . Retrieved Matter . | . . . . . . . . . Retrieved Components . | . . . . . . . . . Parts Scanalyzed . | . . . . . . . . . Part Schematics Acquired . | . . . . . . . . . Parts Damaged . | . . . . . . . . . Bothacking | -11 -10 -9 -8 -8 -8 -8 -7 -7 ------------ Run | Yrd Mat Mat Mat Gar Mat Gar Fac Gar Used RIF Installer 3 | . . . . 2 . 1 . . Structural Interface 1 | . . . . 1 . . . . Autooverride 1 | . . . . . . 1 . . Robots Hacked 10 | . . 2 . . . . 1 7 Non-combat 2 | . . 2 . . . . . . Combat 8 | . . . . . . . 1 7 Autooverrided 3 | . . . . . . . . 3 Robot Hacks Applied 9 | . . 3 . . . . 1 5 parse_system 1 | . . . . . . . . 1 no_distress 3 | . . 3 . . . . . . formatsys_high 5 | . . . . . . . 1 4 Relay Couplers Released 41 | . . . . 16 . 17 . 8 Machine Destruction 41 | . . . . 16 . 17 . 8 Attached 8 | . . . . . . . 7 1 Fabnet Peak Effective % . | . . . . . . . . . Robots Rewired 10 | . . . . 10 . . . . Allies Hacked 5 | . . . . 5 . . . . Hacks Repelled . | . . . . . . . . . Allies | -11 -10 -9 -8 -8 -8 -8 -7 -7 -------- Run | Yrd Mat Mat Mat Gar Mat Gar Fac Gar Total Allies 25 | . 1 . . 15 . . 1 8 Largest Group 13 | . 1 1 . 13 9 . 1 4 Highest-Rated Group 422 | . 10 10 . 422 181 . 32 95 Highest-Rated Ally 178 | . 10 10 . 178 31 . 32 32 Total Orders 25 | . . 6 . 3 7 . . 9 STAY 13 | . . 3 . 2 3 . . 5 FOLLOW 12 | . . 3 . 1 4 . . 4 Ally Attacks 226 | . . . . 108 54 . 2 62 Total Damage 5701 | . . . . 3369 1132 . 68 1132 Kills 50 | . . . . 25 11 . . 14 Allies Corrupted 1 | . . . . 1 . . . . Allies Melted . | . . . . . . . . . Intel | -11 -10 -9 -8 -8 -8 -8 -7 -7 ------- Run | Yrd Mat Mat Mat Gar Mat Gar Fac Gar Active Infowar (turns) . | . . . . . . . . . Robot Analysis Total 1 | . 1 . . . . . . . Derelict Logs Recovered . | . . . . . . . . . Drone Launches . | . . . . . . . . . Drone Recoveries . | . . . . . . . . . Exploration | -11 -10 -9 -8 -8 -8 -8 -7 -7 ------------- Run | Yrd Mat Mat Mat Gar Mat Gar Fac Gar Turns Passed 13163 | 84 1528 1216 3002 2501 1915 1685 288 944 Spaces Moved 6414 | 46 820 531 1183 920 550 657 533 1174 Core 1 | 1 . . . . . . . . Treads 4706 | 45 820 531 1183 920 550 657 . . Legs . | . . . . . . . . . Wheels . | . . . . . . . . . Hover . | . . . . . . . . . Flight 1707 | . . . . . . . 533 1174 Fastest Speed 32 | 50 160 160 160 163 163 163 34 32 Average Speed 148 | 157 160 160 186 213 206 214 34 33 Slowest Speed 229 | 160 160 160 216 216 229 216 34 34 Overloaded Moves . | . . . . . . . . . Propulsion Burnouts . | . . . . . . . . . Robots Hopped 7 | . . . . . . . 2 5 Potential Cave-ins . | . . . . . . . . . Cave-ins Triggered . | . . . . . . . . . Exploration Rate (%) 58 | 4 87 40 80 93 43 88 16 78 Regions Visited 8 Branch Regions . Pre-discovered Areas 5 | . 3 . 2 . . . . . Known Exits Taken 5 | . 1 1 1 . 1 . 1 . Unknown Exits Taken 1 | 1 . . . . . . . . Scrap Searched . | . . . . . . . . . Spaces Dug 24 | . . . 8 . 6 . . 10 Terrain Destroyed 254 | . . . 15 . 12 . 40 187 Melee . | . . . . . . . . . Projectile 39 | . . . 15 . 12 . . 12 AOE 215 | . . . . . . . 40 175 Terrain Rammed . | . . . . . . . . . Walls Destroyed . | . . . . . . . . . Machines Disabled . | . . . . . . . . . Actions | -11 -10 -9 -8 -8 -8 -8 -7 -7 --------- Run | Yrd Mat Mat Mat Gar Mat Gar Fac Gar Total 9182 | 54 950 823 1758 1347 1243 798 627 1582 Wait 1651 | . 20 136 365 244 607 39 39 201 Move 6395 | 45 819 530 1183 919 550 655 529 1165 Hop 6 | . . . . . . . 2 4 Pick Up 80 | 1 22 13 23 6 3 5 3 4 Fast Attach 36 | 6 4 2 10 8 1 4 . 1 Attach 26 | . 3 1 2 . 2 . 13 5 Detach 4 | . . . . . . . 2 2 Swap 90 | 2 8 12 12 14 15 8 4 15 Drop 131 | . 16 19 31 20 15 9 17 4 Fire 559 | . 56 46 124 62 49 72 18 132 Melee 16 | . . 3 . 13 . . . . Ram . | . . . . . . . . . Kick . | . . . . . . . . . Crush 15 | . 2 . 8 4 1 . . . Escape Stasis 60 | . . . . 6 . 6 . 48 Rewire 52 | . . . . 51 . . . 1 Trap 61 | . . 61 . . . . . . Miscellaneous . | . . . . . . . . . Route ------- -11/Scrapyard -10/Materials (discovered 6 exits: *Mat x3 / *Min x2 / *Sub) -9/Materials (discovered 4 exits: *Mat x3 / Min) -8/Materials (discovered 5 exits: *Fac x3 / [*Sto] / Gar) -8/Garrison (discovered 3 exits: *Mat x3) -8/Materials (discovered 2 exits: *Fac / Gar) -8/Garrison (discovered 3 exits: *Fac x3) -7/Factory (discovered 3 exits: [*Fac] / [*Low] / Gar) -7/Garrison (discovered 2 exits: [*Fac x2]) History --------- Turn | Location | Event 16 | -11/Scrapyard | Discovered new exit (range 16) 85 | -11/Scrapyard | Entered Materials 300 | -10/Materials | Build established: Mutant 710 | -10/Materials | Learned Storage trap positions 731 | -10/Materials | Discovered new exit (range 10) 753 | -10/Materials | Learned location of 1 exit from Recycling 786 | -10/Materials | Discovered new exit (range 15) 809 | -10/Materials | Learned location of Subcaves (-10) 823 | -10/Materials | Learned location of Recycling (-8) 825 | -10/Materials | Identified exit to Materials 825 | -10/Materials | Identified exit to Subcaves 826 | -10/Materials | Learned Storage emergency access door positions 831 | -10/Materials | Learned location of 1 exit from Storage 844 | -10/Materials | Identified exit to Mines 844 | -10/Materials | Learned location of 2 exits from Materials 1218 | -10/Materials | Central database locked down 1613 | -10/Materials | Entered another Materials area 1613 | -9/Materials | Accompanied by 1 ally 1613 | -9/Materials | Evolved 2 slots: Propulsion x1, Utility x1 1614 | -9/Materials | Identified exit to Materials 1954 | -9/Materials | Discovered exit to Materials (range 11) 2571 | -9/Materials | Identified exit to Mines 2829 | -9/Materials | Entered another Materials area 2829 | -8/Materials | Evolved 2 slots: Utility x2 3223 | -8/Materials | Discovered new exit (range 7) 3455 | -8/Materials | Discovered new exit (range 3) 3895 | -8/Materials | Learned location of Lower Caves (-7) 3939 | -8/Materials | Learned 2 Storage zone layouts 3939 | -8/Materials | Discovered new exit (range 3) 3973 | -8/Materials | Learned 2 Storage zone layouts 4009 | -8/Materials | Learned Storage terminal intel 4012 | -8/Materials | Learned 4 Recycling zone layouts 4018 | -8/Materials | Learned Factory trap positions 4034 | -8/Materials | Learned Factory trap positions 4098 | -8/Materials | Identified exit to Factory 5167 | -8/Materials | Repaired Imp. Medium Armor Plating 5212 | -8/Materials | Repaired Imp. Medium Armor Plating 5831 | -8/Materials | Identified exit to Garrison 5831 | -8/Materials | Entered Garrison 5965 | -8/Garrison | Triggered checkpoint 5970 | -8/Garrison | Garrison Relay disabled 6067 | -8/Garrison | Triggered checkpoint 6215 | -8/Garrison | Triggered checkpoint 6300 | -8/Garrison | Destroyed 9 combat bots 6403 | -8/Garrison | Installed Relay Interface Framework 6466 | -8/Garrison | Discovered new exit (range 11) 6517 | -8/Garrison | Triggered checkpoint 6700 | -8/Garrison | Garrison Relay disabled 6708 | -8/Garrison | Phase Generator disabled 6901 | -8/Garrison | Rescued AZ-K3N 7051 | -8/Garrison | Build established: Commander-Mutant 7058 | -8/Garrison | Triggered checkpoint 7092 | -8/Garrison | Triggered checkpoint 7123 | -8/Garrison | Triggered checkpoint 7175 | -8/Garrison | Garrison Relay disabled 7181 | -8/Garrison | Triggered checkpoint 7301 | -8/Garrison | Expanded RIF knowledge: Structural Interface 7344 | -8/Garrison | Discovered new exit (range 10) 7730 | -8/Garrison | AZ-K3N assimilated hostile G-47 Trooper 7732 | -8/Garrison | AZ-K3N assimilated hostile G-47 Trooper 7781 | -8/Garrison | Discovered new exit (range 16) 7897 | -8/Garrison | Triggered checkpoint 7975 | -8/Garrison | Garrison Relay disabled 8031 | -8/Garrison | Triggered checkpoint 8332 | -8/Garrison | Entered Materials 8332 | -8/Materials | Accompanied by 9 allies 9532 | -8/Materials | First assault squad dispatched 9973 | -8/Materials | Core integrity fell below 50% 10029 | -8/Materials | Discovered exit to Factory (range 3) 10071 | -8/Materials | Lost 4 allies 10243 | -8/Materials | Build established: Bothacker-Mutant 10247 | -8/Materials | Identified exit to Garrison 10247 | -8/Materials | Entered Garrison 10416 | -8/Garrison | Expanded RIF knowledge: Autooverride 10444 | -8/Garrison | Garrison Relay disabled 10623 | -8/Garrison | Triggered checkpoint 10702 | -8/Garrison | Discovered exit to Factory (range 11) 10850 | -8/Garrison | Garrison Relay disabled 10942 | -8/Garrison | Garrison Relay disabled 11062 | -8/Garrison | Garrison Relay disabled 11161 | -8/Garrison | Triggered checkpoint 11329 | -8/Garrison | Discovered exit to Factory (range 10) 11351 | -8/Garrison | Triggered checkpoint 11506 | -8/Garrison | Triggered checkpoint 11520 | -8/Garrison | Triggered checkpoint 11585 | -8/Garrison | Triggered checkpoint 11631 | -8/Garrison | Discovered exit to Factory (range 10) 11756 | -8/Garrison | Destroyed 7 combat bots 11932 | -8/Garrison | Entered Factory 11932 | -7/Factory | Evolved 2 slots: Utility x2 11933 | -7/Factory | Loaded intel: 108 trap records 12024 | -7/Factory | Discovered new exit (range 13) 12083 | -7/Factory | Discovered new exit (range 13) 12205 | -7/Factory | Garrison activated, responded to threat 12220 | -7/Factory | Identified exit to Garrison 12220 | -7/Factory | Entered Garrison 12302 | -7/Garrison | Assembled breached garrison interior 12835 | -7/Garrison | Discovered new exit (range 10) 12837 | -7/Garrison | Destroyed 16 combat bots 12855 | -7/Garrison | Garrison Relay disabled 12946 | -7/Garrison | Destroyed 12 combat bots 12958 | -7/Garrison | Rescued a captive Derelict 12971 | -7/Garrison | Discovered new exit (range 14) 13024 | -7/Garrison | Garrison Relay disabled 13164 | -7/Garrison | Self-destructed Last Messages --------------- 13030_ Acquired Relay Coupler [Brawler]. 13032_ RIF reveals location of phase wall. 13050_ Dropped Relay Coupler [Brawler]. 13058_ Missile Launcher+ destroyed. 13059_ The unstable cave ceiling collapses. 13059_ as-91696 destroyed. 13076_ as-34192 destroyed. 13099_ The unstable cave ceiling collapses. 13102_ Trooper 4b destroyed. 13104_ as-06058 destroyed. 13113_ Connecting with Garrison Terminal... 13139_ Detecting nearby RIF Installer. 13153_ RIF reveals location of hidden door. 13154_ Acquired 28 matter. 13155_ Acquired 37 matter. 13156_ Relay Coupler [Grunt] destroyed. 13156_ System corrupted by crushing effect (+5). 13156_ Knocked back. 13156_ as-04809 destroyed. 13162_ RIF Installer disabled. Map ----- +----------------------------------------------------+ | #### # #############??????????????? | | #???## ##??????????????????????????? | | ####?# # #??????????????????????????? | | #! ##! ## # ##??????????????????????????? | | ! ##! ## ####???????????????????????????? | | #! ##! ## #??????????????????????????????? | | ## ### ## #??????????????????????????????? | | #?#### #??????????????????????????????? | | # ### ## #??????????????????????????????? | | #??????????????????????????????? | | #########??????????????????????????????? | | #?????????????????????????????????????? | | ####?????????????????????????????????????? | | #???????????????????????????????????????? | | #?#?????????????????????????????????????? | | ### ????????????????????????????????????? | | ???????????????????????????????????? | | ### # ###?????#??????????????????????????? | | #?# # #????# ?????????????????????????? | | ### ##???? ?##??????????????????????? | | *= =%= #????#]]#??????????????????????? | | ##### # ###### #####???????????????????? | | ???????## /%%%= / ##??????????????????? | | ????????# ### % ### ########???????????? | | ????????# #?##! !!#?# ##a""""#???????????? | | ????????# #?#!! !!#?# #@ #"#???????????? | | ????????# #?#######?# ## " ""#???????????? | | ######### #?????????# ########???????????? | | # #?????????# #??????????????????? | | ##### ### #?????????# #??????????????????? | | ????# #?# #?????????# #??????????????????? | | ????# #?# #?????????" #??????????????????? | | ##### ### #######??#" #??????????????????? | | ### #???????????????????? | | # ###### # ????????????????????? | | ## # ## #?*????????????????????? | | ##### ### ###?#?###?#????????????????????? | | ????# #??##??????????????????????????????? | | ????# #??##??????????????????????????????? | | ????# #?? #??????????????????????????????? | | ????# #? ##?????????????????????????????? | | ????# ## ###???????????????????????????? | | ????# #???????????????????????????? | | ????###T######???????????????????????????? | | ??????###????????????????????????????????? | | ?????????????????????????????????????????? | | ?????????????????????????????????????????? | | ?????????????????????????????????????????? | | ?????????????????????????????????????????? | | ?????????????????????????????????????????? | +----------------------------------------------------+ Best States ------------- Heat Dissipation 58 Energy Generation 23 Energy Capacity 280 Matter Stores 300 Matter Capacity 300 Sight Range 16 Terrain Scan Density 10 Armor Coverage 450 Power Shielding 33 Evasion (%) 63 Core Analysis 6 Recoil Reduction 3 Salvage Targeting 1 Relay Coupler Types 4 Relay Coupler Value 178 Item Schematics ----------------- None Robot Schematics ------------------ None Fabricated ------------ Nothing Repaired ---------- Imp. Medium Armor Plating | 28% | -8/Materials Imp. Medium Armor Plating | 33% | -8/Materials Studied --------- Lgt. Treads | -9/Materials | Hacked Lgt. Ion Engine | -9/Materials | Hacked Particle Gun | -9/Materials | Hacked Ion Cannon | -8/Materials | Hacked Missile Launcher | -8/Materials | Hacked Imp. Treads | -8/Materials | Hacked Alien Tech Used ----------------- None Achievements -------------- Junior Dev Challenges ------------ None Game ------ Seed MeleePotentialSaw Manual? 0 Play Time 01:49:41 Cumulative 279.3 hours Start 2026.09.17 @ 18:34:34 End 2026.09.17 @ 22:36:50 Sessions 3 Manual Loads 0 Difficulty Rogue Special Mode None Game No. 187 Rogue 187 Adventurer 0 Explorer 0 Win Type - Total 6 Types 2/0/2/1/0/0/0/1/0/0 Lore% 63 Gallery% 75 Achievement% 59 Wizard Run 0 Options --------- Layout 2 ASCII 0 Keyboard 0 Movement Mouse Keybinds 0 Fullscreen 1 Font 32/Tamsyn Map View 50x44 Zoom Use 0% Tactical HUD 1 Map Filters NONE Filters NONE Steam 1 RUN: 5d76fd2f-ea21-4c34-a687-440a821d0143